 Dungeon Crawl Stone Soup version 0.26.1-2-gb8aa6d0cf2 (webtiles) character file.

Game seed: 10297817696885045969

119 Neyt the Shield-Bearer (level 4, -1/44 HPs)
             Began as a Troll Fighter on Mar 29, 2021.
             Slain by an ogre
             ... wielding a +0 giant club
              (6 damage)
             ... on level 4 of the Dungeon on Mar 30, 2021.
             The game lasted 00:32:41 (1517 turns).

Neyt the Shield-Bearer (Troll Fighter)              Turns: 1517, Time: 00:32:42

Health: -1/44      AC:  8    Str: 25    XL:     4   Next: 74%
Magic:  3/3        EV:  8    Int:  4    God:
Gold:   107        SH:  0    Dex:  9    Spells: 3/3 levels left

rFire    . . .     SeeInvis .   u - +2 dagger (venom)
rCold    . . .     Faith    .   c - +0 kite shield
rNeg     . . .     Spirit   .   b - +0 robe
rPois    .         Reflect  .   p - +2 hat
rElec    .         Harm     .   (no cloak)
rCorr    +         Rampage  .   (gloves unavailable)
Will     .....                  (boots unavailable)
Stlth    +.........             (no amulet)
HPRegen  0.54/turn              t - ring of resist corrosion
MPRegen  0.08/turn              (no ring)

@: confused
A: large, unfitting armour, claws 3, regeneration 1, shaggy fur 1, tough skin 3
a: no special abilities


You were on level 4 of the Dungeon.
You visited 1 branch of the dungeon, and saw 4 of its levels.

You collected 107 gold pieces.

Inventory:

Hand Weapons
 a - a +0 flail
 d - a +2 dagger of venom
 e - a +0 mace
 f - a +0 war axe
 m - a +1 whip of flaming
 u - a +2 dagger of venom (weapon)
Missiles
 g - 154 stones (quivered)
 j - 9 bolts
 r - 39 arrows
 z - 4 poisoned darts
Armour
 b - a +0 robe (worn)
 c - a +0 kite shield (worn)
 p - a +2 hat (worn)
Jewellery
 t - a ring of resist corrosion (left claw)
Scrolls
 k - 2 scrolls of identify {unknown}
 n - a scroll of enchant weapon {unknown}
 q - a scroll of amnesia {unknown}
 s - 2 scrolls of remove curse {unknown}
 y - a scroll of fear {unknown}
 A - a scroll of teleportation {unknown}
Potions
 h - 2 potions of flight {unknown}
 i - a potion of haste {unknown}
 l - a potion of heal wounds {unknown}
 o - a potion of mutation {unknown}
 v - a potion of ambrosia {unknown}
 w - 2 potions of curing {unknown}
 x - a potion of invisibility {unknown}


   Skills:
 + Level 2.8 Fighting
 + Level 0.1 Short Blades
 + Level 2.5 Maces & Flails
 + Level 0.8 Throwing
 + Level 2.9 Dodging
 + Level 0.2 Stealth
 + Level 3.2 Shields


You had 3 spell levels left.
You didn't know any spells.
Your spell library was empty.

Dungeon Overview and Level Annotations

Branches:
Dungeon (4/15)
 Temple: D:4-7

Altars:
Hepliaklqana
Makhleb
Trog
Yredelemnul


Innate Abilities, Weirdness & Mutations

You are too large for most types of armour.
You have claws for hands.
Your natural rate of healing is unusually fast.
You are covered in fur. (AC +1)
You have extremely tough skin. (AC +3)


Message History

Found a bloodstained altar of Trog.
The orc priest calls down the wrath of Beogh upon you.
Beogh smites you!
An orc comes into view. x2
The orc priest mumbles some strange prayers to Beogh against you.
Beogh smites you!
* * * LOW HITPOINT WARNING * * *
The ogre hits you with a +0 giant club.
* * * LOW HITPOINT WARNING * * *
An orc wizard comes into view.
It is wielding a +1 dagger of protection.
Found a scale mail.
Found a stone staircase leading down.
You hit the ogre.
The ogre is poisoned.
The ogre is lightly wounded.
You hear some strange, mumbled words.
Something tries to affect you, but you resist.
The ogre closely misses you.
You hit the ogre.
The ogre is moderately wounded.
The ogre hits you with a +0 giant club.
You die...

#.......Z..
##..).#......... ##
##.....#......... ..
#.##...>............ ...
<.........#.....!.##._..
.........(##.#.....#o..>
..<.......####..o.......
...........#.#.........#
.............o.O@......#
..............Z........#
..............o.........
.......##..............[
.#...........##...#.....
.......##...####........
.... #..$# #........ #..
....## ##....... ....
.......


You could see an ogre (very poisoned), an orc priest, 3 orcs and a quokka
skeleton.

Vanquished Creatures
  An orc priest (D:3)
  An orc wizard (D:3)
  A hound skeleton (D:4)
  2 oozes
  A worm (D:3)
  3 dart slugs
  4 orcs
  2 giant cockroaches (D:3)
  4 goblins
  A hobgoblin (D:3)
  3 kobolds (D:3)
  7 bats
  4 frilled lizards
34 creatures vanquished.

Vanquished Creatures (others)
  A plant (D:1)
1 creature vanquished.

Grand Total: 35 creatures vanquished

Notes
Turn   | Place    | Note
-------+----------+-------------------------------------------
     0 | D:1      | Neyt the Troll Fighter began the quest for the Orb.
     0 | D:1      | Reached XP level 1. HP: 22/22 MP: 0/0
   471 | D:1      | Reached XP level 2. HP: 29/29 MP: 1/1
  1106 | D:3      | Reached skill level 3 in Shields
  1106 | D:3      | Reached XP level 3. HP: 11/36 MP: 2/2
  1110 | D:3      | Reached XP level 4. HP: 17/44 MP: 3/3
  1347 | D:3      | Found a burning altar of Makhleb.
  1388 | D:3      | Found a basalt altar of Yredelemnul.
  1390 | D:3      | Found a hazy altar of Hepliaklqana.
  1510 | D:4      | Noticed an ogre
  1512 | D:4      | Found a bloodstained altar of Trog.
  1517 | D:4      | Slain by an ogre

Illustrated notes

Levels and vault maps discovered:
D:1:      dpeg_arrival_houses_and_road, layout_basic, hex_medium,
          palyth_stone_intersect, chequers_big_river
D:2:      layout_loops_cross, nicolae_tso_swordbearing_angel
D:3:      layout_rooms, nicolae_overflow_hidden_temple
D:4:      layout_cave_pools, overflow_temple_1_default,
          gammafunk_temple_overflow_wave, uniq_robin

Skill      XL: |  1  2 |
---------------+-------+-----
Maces & Flails | 2 |  2.5
Shields        | 3 |  3.2
Fighting       | |  2.8
Short Blades   | |  0.1
Throwing       | |  0.8
Dodging        | |  2.9
Stealth        | |  0.2

Action                   |  1- 3 |  4- 6 || total
-------------------------+-------+-------++-------
Melee: Flail             |    51 |       ||    51
       Dagger            |    18 |    40 ||    58
Throw: Stone             |    25 |    20 ||    45
  Use: Scroll            |     1 |       ||     1
       Potion            |     1 |       ||     1
Armor: Robe              |    20 |     9 ||    29
Dodge: Dodged            |    22 |    12 ||    34
Block: Kite shield       |    22 |    10 ||    32
